Map: Bel'Shir-Ruinen LE (Void)

Players

MoBoo - Winner!

  • Race: Terran Terran
  • League: Platinum
  • Spawn Location: 11:00

K.I.-1 (Sehr leicht)

  • Race: Terran Terran
  • Spawn Location: 5:00

VOD

Have the link to the VOD?

Description

Time

  • Played on: April 20, 2017, 1:46 p.m.
  • Length: 7:16
Show
View Real Time Build Order
Export as new Build Order

MoBoo Terran - Winner!

Build Orders: Cyclone Opening 

Get SALT Encoding   

  12  0:01  SCV  
  13  0:13  SCV  
  14  0:17  Supply Depot  
  14  0:25  SCV  
  14  0:27  Refinery  
  15  0:39  SCV  
  16  0:45  Barracks  
  16  0:51  SCV  
  17  1:06  SCV  
  18  1:18  SCV  
  20  1:33  Reaper  
  20  1:34  Orbital Command  
  20  1:45  Command Center  
  20  1:58  Factory  
  20  2:00  SCV  
  21  2:06  Refinery  
  21  2:12  SCV  
  21  2:14  Barracks Reactor  
  22  2:20  Supply Depot  
  22  2:24  SCV  
  23  2:42  SCV, Cyclone  
  27  2:50  Marine x2  
  29  2:54  SCV  
  29  2:57  Orbital Command  
  29  3:08  SCV  
  29  3:09  Starport  
  29  3:11  Marine x2  
  32  3:14  Factory Tech Lab  
  32  3:21  SCV  
  32  3:23  SCV  
  34  3:30  Supply Depot  
  34  3:31  Marine  
  34  3:33  SCV  
  36  3:35  SCV  
  37  3:42  Factory Tech Lab  
  37  3:45  SCV  
  37  3:47  SCV  
  39  3:50  Marine x2  
  39  3:52  Raven  
  43  3:57  SCV  
  43  3:59  SCV  
  45  4:06  Siege Tank  
  45  4:09  SCV  
  49  4:11  SCV, Refinery  
  49  4:12  Marine  
  49  4:13  Marine  
  49  4:15  Supply Depot  
  52  4:21  SCV  
  52  4:23  SCV  
  52  4:24  Barracks  
  54  4:37  SCV x2, Marine x2  
  54  4:38  Supply Depot  
  58  4:42  Starport Reactor  
  58  4:46  Siege Tank  
  58  4:50  SCV  
  62  4:56  Supply Depot  
  62  4:59  SCV  
  63  5:00  Barracks  
  63  5:03  SCV  
  63  5:04  Command Center  
  63  5:06  Marine x2  
  66  5:12  Supply Depot  
  66  5:13  Barracks Reactor  
  66  5:15  SCV  
  66  5:19  Supply Depot  
  66  5:20  Siege Tank  
  70  5:21  Medivac  
  70  5:24  Medivac  
  70  5:27  Marine x2  
  76  5:35  SCV x2  
  78  5:41  Supply Depot  
  78  5:50  Marine x4, Refinery  
  78  5:51  Marine  
  78  5:55  Supply Depot  
  83  6:08  Marine  
  83  6:09  Marine x4  
  83  6:10  Siege Tank  
  91  6:11  Medivac  
  91  6:12  SCV x2  
  91  6:17  Supply Depot  
  95  6:19  Orbital Command  
  95  6:30  Marine x4  
  95  6:31  Marine  
  100  6:35  Engineering Bay, SCV  
  100  6:36  SCV  
  100  6:37  Engineering Bay  
  100  6:38  Supply Depot  
  102  6:41  Supply Depot  
  102  6:43  Siege Tank  
  105  6:48  SCV x2, Marine  
  105  6:53  Marine  
  105  6:54  Marine x3  
  116  7:12  Barracks  
  116  7:13  Barracks  
Show
View Real Time Build Order
Export as new Build Order

K.I.-1 (Sehr leicht) Terran 

Build Orders: Reaper Expand 

Get SALT Encoding   

  12  0:00  SCV  
  13  0:13  SCV  
  14  0:19  Supply Depot  
  14  0:43  Barracks  
  14  1:05  Command Center  
  14  1:30  Orbital Command, Supply Depot  
  14  1:31  Marine  
  15  1:36  Refinery  
  15  1:47  Refinery  
  15  1:55  SCV  
  16  2:07  SCV  
  17  2:16  Reaper  
  17  2:19  SCV  
  17  2:21  SCV  
  19  2:31  SCV  
  19  2:35  SCV  
  21  2:44  SCV  
  22  2:50  SCV  
  23  2:56  Refinery  
  23  2:57  SCV  
  24  3:04  SCV  
  24  3:05  Marine  
  26  3:11  SCV  
  27  3:19  SCV, Refinery  
  28  3:26  SCV  
  29  3:28  Factory  
  30  3:48  SCV  
  30  3:53  Marine  
  30  3:55  Supply Depot  
  31  3:56  SCV  
  32  4:03  SCV  
  33  4:11  SCV  
  33  4:12  Barracks Tech Lab  
  33  4:15  Starport  
  34  4:18  SCV  
  35  4:25  SCV  
  35  4:29  Supply Depot  
  36  4:32  SCV  
  36  4:39  SCV  
  36  4:42  Marine  
  38  4:47  SCV  
  39  4:54  SCV, Starport Tech Lab  
  40  5:01  SCV  
  41  5:08  SCV  
  41  5:13  Raven  
  44  5:15  SCV  
  45  5:22  SCV  
  46  5:31  Marine  
  47  5:56  Raven  
  44  6:05  SCV  
  44  6:07  Hellion  
  44  6:10  Supply Depot  
  41  6:12  SCV  
  35  6:19  SCV  
  23  6:34  SCV  
  23  6:36  Hellion  
  25  6:46  SCV  
  21  6:58  SCV  
Tags
 
Add a new tag
Caveats
  • Supply blocks, unpowered buildings, or Contaminate may cause inaccurate times.
  • Supply counts are checked every 10 seconds.